Map: Frostline LE

Players

PetacaLoko - Winner!

  • Race: Terran Terran
  • Spawn Location: 7:00

iPlayDefense

  • Race: Terran Terran
  • League: Silver
  • Spawn Location: 1:00

VOD

Have the link to the VOD?

Description

Time

  • Played on: April 17, 2025, 11:27 a.m.
  • Length: 8:00
Show
View Real Time Build Order
Export as new Build Order

PetacaLoko Terran - Winner!

Build Orders:  

Get SALT Encoding   

  12  0:00  SCV  
  13  0:13  SCV  
  14  0:19  Supply Depot  
  14  0:25  SCV  
  15  0:32  Refinery  
  15  0:41  SCV  
  16  0:48  Barracks  
  16  0:53  SCV  
  17  1:06  SCV  
  18  1:19  SCV  
  18  1:20  Supply Depot  
  19  1:31  SCV  
  20  1:42  Factory  
  20  1:46  Refinery  
  20  1:54  Orbital Command  
  20  1:57  Barracks Tech Lab  
  20  2:04  Supply Depot  
  20  2:16  Marine  
  21  2:28  Command Center  
  21  2:39  Factory Reactor  
  21  2:46  Starport  
  21  2:55  SCV  
  21  2:57  Marine  
  23  3:04  Supply Depot  
  23  3:07  SCV  
  24  3:15  Marine  
  24  3:17  Hellion x2  
  24  3:19  SCV  
  30  3:23  Combat Shield  
  30  3:25  Starport Reactor  
  30  3:34  Barracks  
  30  3:35  SCV  
  31  3:46  Orbital Command  
  31  3:52  SCV  
  31  3:53  Bunker  
  31  3:55  Marine  
  29  4:39  SCV  
  29  4:40  SCV  
  29  4:45  Medivac x2  
  35  4:50  Barracks Reactor  
  35  4:51  SCV  
  35  4:52  SCV  
  37  4:56  Barracks  
  37  4:57  Widow Mine x2  
  41  5:00  Marine  
  41  5:03  Stimpack  
  41  5:04  SCV x2  
  44  5:14  Supply Depot  
  44  5:16  SCV x2  
  44  5:17  Refinery  
  44  5:18  Marine  
  47  5:22  Engineering Bay  
  47  5:27  Marine x2  
  47  5:28  SCV x2  
  51  5:35  Marine  
  51  5:36  Supply Depot  
  52  5:44  Medivac  
  52  5:45  Marine, Medivac  
  57  5:53  Marine, Factory Tech Lab  
  57  5:55  SCV x2  
  60  5:59  Supply Depot  
  60  6:03  Marine x2, Refinery  
  60  6:04  Marine x2  
  62  6:07  SCV x2  
  66  6:11  Marine  
  66  6:17  Armory  
  67  6:21  Marine x2  
  67  6:22  SCV x2  
  67  6:24  Factory  
  71  6:28  Medivac x2  
  71  6:30  Marine  
  71  6:31  Marine x2  
  78  6:34  SCV  
  79  6:45  Marine x2  
  81  6:48  Marine x2  
  83  6:58  SCV x2  
  85  7:09  Marine  
  85  7:12  Factory Tech Lab  
  86  7:17  Supply Depot, Marine x4  
  86  7:21  Siege Tank  
  93  7:27  Marine  
  94  7:38  Marine  
Show
View Real Time Build Order
Export as new Build Order

iPlayDefense Terran 

Build Orders:  

Get SALT Encoding   

  12  0:00  SCV  
  13  0:19  Supply Depot  
  13  0:21  SCV  
  14  0:33  SCV  
  15  0:45  SCV  
  15  0:48  Barracks  
  16  0:57  SCV  
  16  0:58  Refinery  
  17  1:09  SCV  
  18  1:21  SCV  
  19  1:39  Orbital Command  
  19  1:46  Command Center  
  19  1:48  Barracks Reactor  
  19  2:18  SCV  
  20  2:27  Marine x2  
  22  2:31  SCV  
  22  2:36  Supply Depot  
  23  2:57  SCV, Marine x2  
  23  2:58  Orbital Command  
  26  2:59  Supply Depot  
  26  3:09  SCV  
  27  3:14  Factory  
  27  3:22  Supply Depot  
  27  3:23  Refinery  
  27  3:24  SCV x2  
  27  3:25  Marine  
  30  3:34  Supply Depot  
  30  3:36  SCV x2  
  32  3:45  Supply Depot  
  32  3:55  Barracks  
  32  3:58  Barracks  
  32  4:07  Supply Depot  
  32  4:17  SCV x2  
  32  4:18  Marine x2  
  36  4:29  SCV  
  36  4:30  SCV  
  36  4:31  Supply Depot  
  38  4:36  Marine x2  
  39  4:45  SCV  
  39  4:46  SCV  
  41  4:54  Supply Depot, Barracks Tech Lab x2  
  41  4:56  Supply Depot  
  41  4:58  SCV x2  
  41  4:59  Factory Tech Lab  
  43  5:08  Starport  
  43  5:25  SCV  
  43  5:26  SCV  
  43  5:27  Marine x4  
  49  5:32  Supply Depot  
  49  5:36  Siege Tank  
  49  5:38  SCV x2  
  49  5:42  Bunker  
  54  5:45  Marine x2  
  54  5:47  Marine x2  
  58  5:50  SCV x2  
  58  5:56  Refinery  
  60  5:59  Starport Tech Lab  
  60  6:00  Starport Reactor, Refinery  
  60  6:02  SCV x2, Marine  
  60  6:03  Marine  
  64  6:05  Marine x2  
  64  6:09  Combat Shield  
  64  6:10  Stimpack  
  66  6:23  Engineering Bay  
  66  6:25  Engineering Bay  
  66  6:26  Armory  
  67  6:32  SCV  
  67  6:33  SCV  
  67  6:36  Marine x4  
  67  6:38  Siege Tank  
  75  6:42  Medivac x2  
  75  6:44  SCV  
  75  6:45  SCV  
  81  6:54  Marine x2  
  83  7:10  Siege Tank  
  86  7:26  Bunker  
  86  7:27  Bunker  
  86  7:30  SCV x2  
  86  7:31  Marine x2  
  86  7:32  Marine x2  
  94  7:42  SCV x2  
Tags
 
League
Silver
Matchup
TvT
Race
Terran
Replay Pack
DaveSC2
Spawn Locations
Cross Positions
Add a new tag
Caveats
  • Supply blocks, unpowered buildings, or Contaminate may cause inaccurate times.
  • Supply counts are checked every 10 seconds.